 Dungeon Sprint DCSS version 0.31-a0-1591-g515db51633 (webtiles) character file.

Game seed: 2127604606006843568

271 Conn the Arsonist (level 6, 0/36 HPs)
             Began as an Octopode Fire Elementalist on Jan 6, 2024.
             Was an Initiate of Sif Muna.
             Slain by a crocodile (14 damage)
             ... in the Dungeon (Sprint II: "The Violet Keep of Menkaure").
             The game lasted 00:02:00 (144 turns).

Conn the Arsonist (Octopode Fire Elementalist)       Turns: 144, Time: 00:02:02

Health: 0/36       AC:  1    Str:  8    XL:     6   Next: 23%
Magic:  8/14       EV: 14    Int: 19    God:    Sif Muna [......]
Gold:   486        SH:  0    Dex: 12    Spells: 5/15 levels left

rFire   . .          .
                       - Unarmed
rCold   . . .        (no shield)
rNeg    . . .        (helmet restricted)
rPois   .            (no amulet)
rElec   .            (no ring)
rCorr   .            (no ring)
SInv    .            (no ring)
Will    .....        (no ring)
Stlth   +++++        (no ring)
HPRegen 0.26/turn    (no ring)
MPRegen 0.14/turn    (no ring)
                     (no ring)

%: no teleportation
@: no status effects
A: almost no armour, amphibious, 8 rings, camouflage 1, gelatinous body 1,
nimble swimmer 1, tentacles
a: Renounce Religion


You were in the Dungeon.
You worshipped Sif Muna.
Sif Muna was noncommittal.
You visited 1 branch You collected 486 gold pieces.

Inventory:

Scrolls
 f - a scroll of blinking
Potions
 a - 2 potions of magic
 b - a potion of curing
 c - a potion of heal wounds


   Skills:
 - Level 4.8 Dodging
 - Level 6.3 Stealth
 - Level 2.4 Unarmed Combat
 * Level 5.4 Spellcasting
 * Level 1.8 Conjurations
 + Level 0.5 Hexes
 + Level 9.3 Fire Magic


You had 5 spell levels left.
You knew the following spells:

 Your Spells              Type           Power      Damage    Failure   Level
a - Foxfire               Conj/Fire      100%       2x1d9     1%          1
b - Scorch                Fire           80%        2d8       1%          2
c - Inner Flame           Hex/Fire       23%        N/A       4%          3
d - Flame Wave            Conj/Fire      26%        2d8       12%         4

Your spell library contained the following spells:

 Spells                   Type           Power      Damage    Failure   Level
 Volatile Blastmotes      Fire/Tloc      44%        2d13      5%          3


Dungeon Overview and Level Annotations

Branches:
Dungeon (1/1)

Altars:
Cheibriados
Dithmenos
Elyvilon
Fedhas
Gozag
Hepliaklqana
Kikubaaqudgha
Makhleb
Nemelex Xobeh
Okawaru
Qazlal
Ru
Sif Muna
Trog
Uskayaw
Vehumet
Wu Jian
Xom
Yredelemnul
Zin
The Shining One
Jiyva
Lugonu


Innate Abilities, Weirdness & Mutations

You cannot wear most types of armour.
You are amphibious.
You can wear up to eight rings at the same time.
Your skin changes colour to match your surroundings (Stealth+).
Your rubbery body absorbs attacks. (AC +1, EV +1)
You are camouflaged when in or above water. (Stealth+)
You have tentacles for arms and can constrict up to eight enemies at once.


Message History

The crocodile bites you but does no damage.
Unknown command.
Casting: Scorch (safe; 1% risk of failure)
Confirm with . or Enter, or press ? or * to list all spells.
You don't have enough magic to cast this spell.
You tentacle-slap the crocodile.
You squeeze the crocodile, but do no damage.
The crocodile is moderately wounded.
The crocodile misses you.
Unknown command.
Unknown command.
Unknown command.
Unknown command.
Unknown command.
Okay, then.
Magic courses through your body. The crocodile bites you!
Unknown command.
The crocodile attacks as it pursues you!
The crocodile misses you.
Unknown command.
Casting: Scorch (safe; 1% risk of failure)
Confirm with . or Enter, or press ? or * to list all spells.
Flames lash the crocodile.
The crocodile is burned terribly!
The crocodile is almost dead.
The crocodile barely misses you.
Unknown command.
Casting: Scorch (safe; 1% risk of failure)
Confirm with . or Enter, or press ? or * to list all spells.
Flames lash the crocodile.
The crocodile is heavily wounded.
The crocodile's fire resistance burns away.
The crocodile barely misses you.
Unknown command.
Casting: Scorch (safe; 1% risk of failure)
Confirm with . or Enter, or press ? or * to list all spells.
Flames lash the crocodile.
The crocodile is burned terribly!
You kill the crocodile!
Sif Muna accepts your kill. The crocodile bites you!
You die...

#### +.### ○▓?$$)?$?!▓▓
...# ...# #▓!"$$?!(!▓▓
#..## #..# #▓$?=?$[(:▓▓
##..# +..# #▓?))!=?)!▓▓
.#..# #..# #▓?[(())(?▓▓
#'..####..####▓?=:)[[%?▓▓
.#....###...##▓▓▓▓▓▓▓+▓▓▓▓
##......~~~~~~~~@l§~~...≈≈
#~~.....~#'########§###.≈X
~§~§~~..~#..._._._#§~~#
~§§§~~~.~#_._._._.#§~≈≈#
§§≈≈~~~~~#._._._._#§~~§≈#
§~≈≈≈§~~~#_._._._.#§~~≈≈≈#
§§≈§≈≈§§~#._._._..#~~§~§≈+
#§≈≈###≈≈#_._._...#§~§~≈l#
#≈≈ #§§#._._....#§~≈


You could see a crocodile (combustible).

Vanquished Creatures
  2 crocodiles (D)
  4 necrophages (D)
  3 ribbon worms (D)
9 creatures vanquished.

Vanquished Creatures (others)
  10 foxfires (D)
10 creatures vanquished.

Grand Total: 19 creatures vanquished

Notes
Turn   | Place    | Note
-------+----------+-------------------------------------------
     0 | D        | Conn the Octopode Fire Elementalist began the quest for the
                  | Orb.
     0 | D        | Reached XP level 1. HP: 11/11 MP: 3/3
     1 | D        | Noticed a boulder beetle
     1 | D        | Noticed a boulder beetle
     7 | D        | Noticed a necrophage
     7 | D        | Noticed a necrophage
     7 | D        | Noticed a necrophage
     7 | D        | Noticed a necrophage
    17 | D        | Killed a necrophage
    18 | D        | Reached skill level 6 in Fire Magic
    18 | D        | Reached XP level 2. HP: 17/17 MP: 0/6
    18 | D        | Reached XP level 3. HP: 21/21 MP: 0/8
    18 | D        | Reached XP level 4. HP: 27/27 MP: 0/9
    22 | D        | Killed a necrophage
    23 | D        | Reached skill level 5 in Stealth
    23 | D        | Reached skill level 1 in Unarmed Combat
    23 | D        | Reached skill level 7 in Fire Magic
    23 | D        | Reached XP level 5. HP: 17/31 MP: 0/11
    26 | D        | Reached skill level 8 in Fire Magic
    30 | D        | Reached skill level 5 in Spellcasting
    30 | D        | Reached skill level 9 in Fire Magic
    30 | D        | Reached XP level 6. HP: 14/36 MP: 1/13
    45 | D        | Learned a level 2 spell: Scorch
    49 | D        | Learned a level 3 spell: Inner Flame
    54 | D        | Learned a level 4 spell: Flame Wave
    99 | D        | Found a glowing golden altar of the Shining One.
    99 | D        | Found an ornate altar of the Wu Jian Council.
   100 | D        | Found a shimmering altar of Xom.
   100 | D        | Found a sacrificial altar of Ru.
   101 | D        | Found a basalt altar of Yredelemnul.
   101 | D        | Found a shimmering blue altar of Sif Muna.
   101 | D        | Found a stormy altar of Qazlal.
   101 | D        | Found a viscous altar of Jiyva.
   102 | D        | Found a glowing silver altar of Zin.
   102 | D        | Found a bloodstained altar of Trog.
   102 | D        | Found an ancient bone altar of Kikubaaqudgha.
   102 | D        | Found a hazy altar of Hepliaklqana.
   102 | D        | Found a snail-covered altar of Cheibriados.
   103 | D        | Found a hide-covered altar of Uskayaw.
   103 | D        | Found a corrupted altar of Lugonu.
   103 | D        | Found a shadowy altar of Dithmenos.
   104 | D        | Found a radiant altar of Vehumet.
   104 | D        | Found a burning altar of Makhleb.
   104 | D        | Found a white marble altar of Elyvilon.
   105 | D        | Found a sparkling altar of Nemelex Xobeh.
   105 | D        | Found a blossoming altar of Fedhas.
   109 | D        | Found an iron altar of Okawaru.
   109 | D        | Found an opulent altar of Gozag.
   117 | D        | Became a worshipper of Sif Muna the Loreminder
   132 | D        | Noticed a kraken
   144 | D        | Slain by a crocodile

Illustrated notes

Levels and vault maps discovered:
D:        the_violet_keep_of_menkaure [sprint2_stairs_cluster_1,
          sprint2_shoproom, sprint2_temple, sprint2_basic_supplies,
          sprint2_obstacle_5, sprint2_obstacle_1, sprint2_obstacle_2,
          sprint2_obstacle_3, sprint2_obstacle_7, sprint2_timed_cluster_1,
          sprint2_smallroom_cluster_1, sprint2_smallroom_final_cluster_1,
          sprint2_transparent_cluster_1, sprint2_second_timed_cluster_1,
          sprint2_sniper_area_1, sprint2_heavy_combat_area_1,
          sprint2_mutation_trap_area_1, sprint2_forest_area_1,
          sprint2_light_combat_area_1, sprint2_behind_water_1,
          sprint2_near_end_vault_1]

Skill      XL: |  1  2  3  4  5 |
---------------+----------------+-----
Dodging        | 3 4 |  4.8
Stealth        | 4 5 6 |  6.3
Spellcasting   | 3 4 5 |  5.4
Fire Magic     | 6 7 9 |  9.3
Unarmed Combat | 1 2 |  2.4
Conjurations   | |  1.8
Hexes          | |  0.5

Action                     |  1- 3 |  4- 6 || total
---------------------------+-------+-------++-------
  Melee: Unarmed           |     3 |    19 ||    22
         Tentacles         |     2 |     8 ||    10
         Constrict         |     1 |     6 ||     7
   Cast: Foxfire           |     3 |     3 ||     6
         Scorch            |       |     9 ||     9
    Use: Potion            |     2 |     1 ||     3
 Armour: Skin              |     1 |     8 ||     9
  Dodge: Dodged            |       |    16 ||    16

Table legend: (Time is in decaauts)
 A = Elapsed time spent in this place.
 B = Non-inter-level travel time spent in this place.
 C = Inter-level travel time spent in this place.
 D = Time resting spent in this place.
 E = Time spent auto-exploring this place.
 F = Levels seen in this place.
 G = Mean time per level.
                   A        B        C        D        E       F      G
               +--------+--------+--------+--------+--------+-----+--------+
         Total |    138 |    138 |      0 |      0 |      0 |   1 |  138.0 |
       Dungeon |    138 |    138 |      0 |      0 |      0 |   1 |  138.0 |
               +--------+--------+--------+--------+--------+-----+--------+

Top non-repeatable levels by time:
       D: 138 daAuts
